AoeStats
← NutriaCriollaSinBachillerato

Arena

505144169Analyzed
3v3 RM · 25d ago on Sep 8, 2026· 38m 56s· 6 players
Game mode
Random Map
Map size
Normal (6 player)
Population
200
Speed
Normal
Resources
Standard
Victory
Conquest
Starting age
Dark Age
Ending age
Imperial Age
RankedLock teamsTeams togetherTeam positionsShared explorationLock speedFull tech treeHidden civsTurbo modeCheats
Victory
Defeat
🇦🇷 Cumans · Argentina
1157
+13
🇦🇷 Romans · Argentina
1138
+14
🇦🇷 Khmer · Argentina
1087
+16
🇨🇴 Spanish · Colombia
1172
-17
🇦🇷 Vietnamese · Argentina
1084
-14
🇦🇷 Muisca · Argentina
1043
-12
DavidRhenals
10:43 Feudal Age
15:49 Castle Age
13:48 Loom
14:52 Padded Archer Armor
17:19 Double-Bit Axe
17:15 Horse Collar
20:50 Bow Saw
23:27 Wheelbarrow
28:56 Imperial Age
26:28 Fletching
26:54 Leather Archer Armor
26:40 Pikeman
27:22 Squires
28:05 Bodkin Arrow
28:14 Stone Mining
28:16 Gold Mining
29:04 Scale Mail Armor
29:46 Hand Cart
30:01 Conscription
30:17 Heavy Plow
32:20 Chemistry
31:41 Ballistics
31:31 Town Watch
32:39 Chain Mail Armor
32:36 Forging
33:51 Plate Mail Armor
33:19 Halberdier
34:04 Bracer
34:34 Ring Archer Armor
36:21 Iron Casting
35:36 Elite Skirmisher
B Rabbit
11:36 Feudal Age
13:07 Double-Bit Axe
13:04 Horse Collar
13:28 Loom
16:29 Castle Age
17:44 Bow Saw
17:37 Heavy Plow
21:53 Gold Mining
25:27 Stone Mining
26:20 Wheelbarrow
27:06 Hand Cart
27:38 Bloodlines
27:28 Husbandry
29:48 Stone Shaft Mining
32:39 Imperial Age
31:33 Squires
31:21 Arson
31:45 Fletching
31:56 Padded Archer Armor
32:01 Scale Barding Armor
32:07 Forging
32:01 Scale Mail Armor
31:56 Town Watch
32:41 Town Patrol
32:40 Bodkin Arrow
33:00 Thumb Ring
32:15 Crossbowman
32:16 Elite Skirmisher
33:51 Chatras
34:14 Paper Money
34:30 Chain Barding Armor
34:36 Leather Archer Armor
35:25 Elite Battle Elephant
37:23 Chemistry
36:43 Ballistics
36:14 Imperial Skirmisher
36:54 Elite Fire Lancer
39:17 Plate Barding Armor
39:18 Iron Casting
NutriaCriollaSinBachillerato
11:44 Feudal Age
17:12 Castle Age
15:22 Double-Bit Axe
15:18 Horse Collar
15:26 Horse Collar
16:42 Gold Mining
16:46 Stone Mining
18:25 Heavy Plow
20:37 Bow Saw
24:16 Wheelbarrow
23:29 Loom
23:30 Town Watch
25:39 Stone Shaft Mining
26:40 Gold Shaft Mining
26:10 Town Patrol
26:25 Hand Cart
27:06 Treadmill Crane
27:37 Masonry
27:50 Ballistics
27:26 Murder Holes
29:41 Squires
30:10 Forging
30:00 Scale Mail Armor
29:54 Pikeman
31:36 Iron Casting
33:22 Chain Mail Armor
35:42 Imperial Age
33:47 Herbalism
34:03 Thumb Ring
33:18 Elite Skirmisher
34:14 Champi Runner
37:41 Conscription
37:58 Hoardings
36:44 Elite Guecha Warrior
37:29 Huaracas
36:48 Elite Temple Guard
36:48 Champi Warrior
37:24 Imperial Skirmisher
39:33 Chemistry
38:39 Siege Engineers
_Lucho
6:46 Loom
9:18 Feudal Age
16:55 Wheelbarrow
20:06 Castle Age
18:13 Double-Bit Axe
19:20 Scale Barding Armor
19:15 Scale Mail Armor
19:28 Forging
19:24 Horse Collar
20:35 Bloodlines
20:56 Light Cavalry
27:05 Iron Casting
27:49 Chain Barding Armor
28:10 Steppe Husbandry
32:38 Imperial Age
32:23 Hand Cart
31:53 Town Watch
32:24 Gold Mining
32:51 Bow Saw
32:48 Heavy Plow
32:52 Town Patrol
33:34 Elite Steppe Lancer
36:31 Blast Furnace
36:07 Plate Barding Armor
36:39 Conscription
ElDire
9:19 Loom
11:05 Feudal Age
14:55 Castle Age
13:10 Double-Bit Axe
20:34 Horse Collar
24:56 Gold Mining
29:58 Imperial Age
27:23 Town Watch
28:53 Gold Shaft Mining
29:25 Wheelbarrow
29:03 Bloodlines
29:02 Husbandry
29:33 Ballistics
29:56 Bow Saw
30:30 Town Patrol
31:31 Hand Cart
31:46 Forging
31:42 Scale Barding Armor
31:00 Light Cavalry
31:56 Siege Engineers
33:26 Conscription
34:12 Iron Casting
34:13 Chain Barding Armor
34:45 Double Crossbow
37:16 Chemistry
37:04 Heavy Scorpion
40:19 Blast Furnace
39:55 Plate Barding Armor
emanuel.fc
10:36 Feudal Age
14:35 Castle Age
13:44 Man-at-Arms
16:21 Double-Bit Axe
19:43 Bow Saw
19:23 Loom
21:24 Horse Collar
21:38 Gold Mining
22:46 Fortified Wall
24:19 Wheelbarrow
25:42 Gold Shaft Mining
25:58 Ballistics
25:32 Stone Mining
26:43 Hand Cart
27:51 Town Watch
29:13 Masonry
29:06 Heavy Plow
29:26 Forging
29:16 Scale Mail Armor
33:28 Imperial Age
32:45 Town Patrol
33:52 Ballistas
34:35 Iron Casting
34:15 Chain Mail Armor
34:38 Conscription
35:22 Chemistry
33:44 Capped Ram
34:23 Long Swordsman
34:23 Pikeman
35:03 Squires
34:52 Heavy Scorpion
36:03 Siege Engineers
37:02 Halberdier
Connection lost

Rejoining the realm…

Still unreachable

The connection could not be restored.

Session expired

The server has moved on; the page needs a fresh start.